 Dungeon Crawl Stone Soup version 0.30.0-29-ga12c61a403 (webtiles) character file.

Game seed: 8897906514127873562

108 MacCMillion the Caller (level 4, -2/24 HPs)
             Began as a Tengu Summoner on June 5, 2023.
             Was an Initiate of Gozag.
             Killed from afar by Pikel (20 damage)
             ... with a bolt of light
             ... on level 4 of the Dungeon.
             The game lasted 00:08:26 (3042 turns).

MacCMillion the Caller (Tengu Summoner)             Turns: 3042, Time: 00:08:26

Health: -2/24      AC:  3    Str:  8    XL:     4   Next: 87%
Magic:  3/18       EV: 12    Int: 17    God:    Gozag
Gold:   152        SH:  0    Dex: 15    Spells: 3/9 levels left

rFire   . . .        l - +8 dagger of Untimely Demise {venom, rC+ rN+}
rCold   + . .        (no shield)
rNeg    + . .        a - +0 robe
rPois   .            (helmet restricted)
rElec   .            o - +0 cloak
rCorr   .            (no gloves)
SInv    .            (boots unavailable)
Will    .....        (no amulet)
Stlth   ++           s - ring of magical power
HPRegen 0.24/turn    (no ring)
MPRegen 0.16/turn

%: no passive effects
@: no status effects
A: beak, talons 3
a: Renounce Religion, Potion Petition, Call Merchant, Bribe Branch


You were on level 4 of the Dungeon.
You worshipped Gozag.
Gozag was aware of your devotion.
You visited 1 branch of the dungeon, and saw 4 of its levels.

You collected 190 gold pieces.
You paid 38 gold pieces to Gozag.

Inventory:

Hand Weapons
 d - a +0 short sword
 l - the +8 dagger of Untimely Demise (weapon) {venom, rC+ rN+}
   (You found it on level 3 of the Dungeon)

   rC:        It protects you from cold.
   rN:        It protects you from negative energy.
Missiles
 p - 2 throwing nets
Armour
 a - a +0 robe (worn)
 o - a +0 cloak (worn)
Jewellery
 s - a ring of magical power (left hand)
Wands
 q - a wand of mindburst (12)
 r - a wand of paralysis (11)
Scrolls
 f - 2 scrolls of identify {unknown}
 g - 4 scrolls of teleportation {unknown}
 h - a scroll of enchant armour {unknown}
 i - a scroll of enchant weapon {unknown}
 j - a scroll of immolation {unknown}
 k - a scroll of poison {unknown}
 n - a scroll of butterflies {unknown}
 u - a scroll of vulnerability {unknown}
 v - a scroll of amnesia {unknown}
Potions
 b - a potion of magic
 c - a potion of cancellation {unknown}
 e - a potion of haste {unknown}
 m - a potion of heal wounds {unknown}
 t - a potion of degeneration {unknown}


   Skills:
 - Level 2.1 Dodging
 - Level 2.0 Stealth
 - Level 3.0 Spellcasting
 + Level 6.6 Summonings


You had 3 spell levels left.
You knew the following spells:

 Your Spells              Type           Power      Damage    Failure   Level
a - Summon Small Mammal   Summ           100%       N/A       1%          1
b - Call Imp              Summ           50%        N/A       1%          2
c - Call Canine Familiar  Summ           25%        N/A       3%          3

Your spell library contained the following spells:

 Spells                   Type           Power      Damage    Failure   Level
 Summon Guardian Golem    Hex/Summ       13%        N/A       14%         3
 Beastly Appendage        Tmut           4%         N/A       17%         1
 Wereblood                Tmut           2%         N/A       26%         2
 Spider Form              Tmut/Pois      2%         N/A       45%         3
 Summon Lightning Spire   Summ/Air       13%        N/A       41%         4
 Manifold Assault         Tloc           2%         N/A       86%         4
 Dispersal                Tloc           1%         N/A       100%        6
 Disjunction              Tloc           1%         N/A       100%        8


Dungeon Overview and Level Annotations

Branches:
Dungeon (4/15)
 Temple: D:4-7

Altars:
Gozag
Qazlal
Xom

Annotations:
D:2 Sigmund
D:4 Pikel


Innate Abilities, Weirdness & Mutations

You have a beak for a mouth.
You have claws for feet.


Message History

Your hound bites Pikel but does no damage. x2
Your rat bites the lemure but does no damage.
Something hits your rat.
You puncture Pikel!
Pikel is poisoned.
Your kick misses Pikel. You peck Pikel, but do no damage.
Pikel is lightly wounded.
Your rat disappears in a puff of smoke!
Your bat hits Pikel but does no damage.
Your hound barely misses Pikel.
Pikel barely misses you.
Your hound closely misses Pikel.
Your bat barely misses Pikel.
Your hound bites Pikel but does no damage.
Pikel barely misses your bat.
Your bat hits Pikel but does no damage.
Casting: Summon Small Mammal (safe; 1% risk of failure)
Confirm with . or Enter, or press ? or * to list all spells.
Okay, then.
Casting: Summon Small Mammal (safe; 1% risk of failure)
Confirm with . or Enter, or press ? or * to list all spells.
Okay, then.
Your bat barely misses Pikel.
Your hound barely misses Pikel.
Pikel hits your hound with a +2 whip of freezing!
Pikel freezes your hound.
Your hound dies!
Your hound's corpse disappears in a puff of smoke!
Casting: Summon Small Mammal (safe; 1% risk of failure)
Confirm with . or Enter, or press ? or * to list all spells.
A tiny devil pulls itself out of the air.
Your bat hits Pikel but does no damage. x2
Pikel hits your bat with a +2 whip of freezing!
Pikel freezes your bat.
Your bat dies!
Your bat's corpse disappears in a puff of smoke!
Casting: Call Imp (safe; 1% risk of failure)
Confirm with . or Enter, or press ? or * to list all spells.
The spell is quite dangerous to miscast (3% risk of failure)!
Continue anyway?
Your cerulean imp hits Pikel but does no damage.
The lemure closely misses your hound.
Pikel zaps a wand.
The bolt of light hits you!!
Ouch! That really hurt!
You die...
Your body crumbles into a pile of gold.

# #. #######
###.#####5....#
##....<.##h.@..#
........5.5K....#
###....#.##.....#
#...##.##.....#
#.## #.########
#. ..# # ###


You could see Pikel (strong, poisoned, ally target), 2 lemures, a friendly hound
(summoned) and a friendly cerulean imp (summoned).

Vanquished Creatures
  2 adders
  A dart slug (D:1)
  A bat (D:1)
  4 goblins
  A hobgoblin (D:3)
  4 kobolds
  2 rats
15 creatures vanquished.

Vanquished Creatures (collateral kills)
  2 lemures (D:4)
  Terence (D:3)
  An adder (D:2)
  A dart slug (D:2)
  An orc (D:3)
  2 bats
  4 endoplasms
  2 giant cockroaches
  A goblin (D:3)
  2 hobgoblins
  7 jackals
  2 kobolds
  A quokka (D:2)
  3 ball pythons
  5 frilled lizards
  4 rats
39 creatures vanquished.

Grand Total: 54 creatures vanquished

Notes
Turn   | Place    | Note
-------+----------+-------------------------------------------
     0 | D:1      | MacCMillion the Tengu Summoner began the quest for the Orb.
     0 | D:1      | Reached XP level 1. HP: 10/10 MP: 4/4
   206 | D:1      | Reached skill level 5 in Summonings
   267 | D:1      | Reached XP level 2. HP: 15/15 MP: 6/6
   781 | D:1      | Reached XP level 3. HP: 19/19 MP: 5/7
   829 | D:1      | Learned a level 2 spell: Call Imp
   833 | D:1      | Learned a level 3 spell: Call Canine Familiar
  1189 | D:2      | Noticed Sigmund
  1730 | D:2      | Reached XP level 4. HP: 23/24 MP: 2/9
  1829 | D:2      | Found a faded altar of an unknown god.
  1913 | D:2      | Reached skill level 6 in Summonings
  2216 | D:3      | Identified the +8 dagger of Untimely Demise {venom, rC+
                  | rN+}
  2219 | D:3      | Found a stormy altar of Qazlal.
  2315 | D:3      | Found an opulent altar of Gozag.
  2333 | D:3      | Became a worshipper of Gozag Ym Sagoz the Greedy
  2582 | D:3      | Noticed Terence
  2616 | D:3      | Killed Terence
  2826 | D:3      | Found a shimmering altar of Xom.
  2996 | D:4      | Noticed a lemure
  2998 | D:4      | Noticed a lemure
  3007 | D:4      | Noticed a lemure
  3016 | D:4      | Killed a lemure
  3019 | D:4      | Noticed a lemure
  3020 | D:4      | Killed a lemure
  3031 | D:4      | Noticed Pikel
  3042 | D:4      | Killed from afar by Pikel

Illustrated notes

Levels and vault maps discovered:
D:1:      dpeg_arrival_tiny_c, layout_basic, st_stairs_14
D:2:      layout_loops_ring, hellmonk_ecumenical_altar_slurped_away,
          kennysheep_another_room, uniq_sigmund
D:3:      layout_rooms, general_overflow_altar,
          mainiacjoe_overflow_large_starburst, uniq_terence
D:4:      layout_loops_cross, ebering_ghost_sewer_d, uniq_edmund, uniq_duvessa,
          uniq_pikel

Skill      XL: |  1  2  3  4 |
---------------+-------------+-----
Summonings     | 5 6 |  6.6
Spellcasting   | 3 |  3.0
Dodging        | |  2.1
Stealth        | |  2.0

Action                     |  1- 3 |  4- 6 || total
---------------------------+-------+-------++-------
  Melee: Short sword       |    14 |     2 ||    16
         Kick              |     6 |     3 ||     9
         Peck              |     2 |     2 ||     4
         Dagger            |       |    17 ||    17
   Cast: Summon Small Mamm |    48 |    16 ||    64
         Call Imp          |     4 |     8 ||    12
         Call Canine Famil |       |     9 ||     9
 Armour: Robe              |     3 |     6 ||     9
  Dodge: Dodged            |    27 |    13 ||    40
